 Dungeon Crawl Stone Soup version 0.15-a0-2130-g28e4b74 (webtiles) character file.

60 PolkaDot the Vexing (level 3, -5/24 HPs)
             Began as a Vampire Enchanter on July 16, 2014.
             Slain by an orc
             ... wielding a +0 trident
              (10 damage)
             ... on Level 3 of the Dungeon.
             The game lasted 00:07:59 (2412 turns).

PolkaDot the Vexing (Vampire Enchanter)             Turns: 2412, Time: 00:07:59

HP  -5/24        AC  3     Str  7      XL: 3   Next: 80%
MP   2/6         EV 12     Int 18      God:
Gold 92          SH  0     Dex 14      Spells:  2 memorised,  3 levels left

rFire  . . .     SeeInvis +     m - +0 dagger (freeze)
rCold  + + .     Clarity  .     b - +1 robe
rNeg   + + +     rCorr    .     (no shield)
rPois  +         rRot     +     (no helmet)
rElec  .         Spirit   .     (no cloak)
SustAb .         Warding  .     (no gloves)
rMut   .         Stasis   .     (no boots)
Gourm  .                        (no amulet)
MR     .....                    (no ring)
                                (no ring)

@: bloodless, non-regenerating, not resistant to hostile enchantments, fairly
stealthy
A: fangs 3, see invisible, unbreathing
a: Bat Form


You were on level 3 of the Dungeon.
You were bloodless.

You visited 1 branch of the dungeon, and saw 3 of its levels.

You collected 92 gold pieces.

Inventory:

Hand weapons
 m - a +0 dagger of freezing (weapon)
Missiles
 l - a throwing net (quivered)
Armour
 b - a +1 robe (worn)
Scrolls
 a - a scroll of enchant weapon {unknown}
 e - a scroll of magic mapping {unknown}
 n - a scroll of remove curse {unknown}
Potions
 d - a potion of coagulated blood {@w2}
 f - 3 potions of haste {unknown}
 g - a potion of cancellation {unknown}
 h - a potion of might {unknown}
 i - a potion of lignification {unknown}
 j - a potion of agility {unknown}
 k - a potion of cure mutation {unknown}
Books
 c - a book of Maledictions

   Spells                             Type                      Level
   *Corona                            Hexes                        1
   Sure Blade                         Hexes/Charms                 2
   *Ensorcelled Hibernation           Hexes/Ice                    2
   Confuse                            Hexes                        3
   Dazzling Spray                     Conjuration/Hexes            3
   Enslavement                        Hexes                        4


   Skills:
 - Level 3.0 Short Blades
 - Level 2.1 Dodging
 + Level 4.5 Stealth
 - Level 2.0 Spellcasting
 * Level 5.2 Hexes
 - Level 1.2 Ice Magic


You had 3 spell levels left.
You knew the following spells:

 Your Spells              Type           Power        Failure   Level  Hunger
a - Corona                Hex            ###....      1%          1    #......
d - Ensorcelled Hibernat  Hex/Ice        ##....       10%         2    ##.....


Dungeon Overview and Level Annotations

Branches:
Dungeon (3/15)

Altars:


Innate Abilities, Weirdness & Mutations

You do not heal naturally.
You have razor-sharp teeth.*
You have supernaturally acute eyesight.
You can survive without breathing.*


Message History

The orc hits you with a club!
The orc hits you from afar with a trident.
Casting: Ensorcelled Hibernation
Confirm with . or Enter, or press ? or * to list all spells.
Aiming: Ensorcelled Hibernation
Press: ? - help, Shift-Dir - straight line, f - orc
Aim: an orc, wielding a club and wearing a ring mail (lightly wounded)
The orc resists with significant effort.
The orc hits you with a club.
The orc hits you from afar with a trident.
* * * LOW HITPOINT WARNING * * *
Casting: Ensorcelled Hibernation
Confirm with . or Enter, or press ? or * to list all spells.
Aiming: Ensorcelled Hibernation
Press: ? - help, Shift-Dir - straight line, f/p - orc
Aim: an orc, wielding a club and wearing a ring mail (lightly wounded)
The orc looks drowsy...
* * * LOW MAGIC WARNING * * *
The orc hits you from afar with a trident!
You die...

#### ..# #o# #o#
#.##@###############
#.................<#
#..#.###############
#..#.# #. #.# ## #.#
..# ###


You could see 2 orcs.

Vanquished Creatures
  An adder (D:2)
  A worm (D:1)
  An ooze (D:1)
  2 bats (D:1)
  4 giant cockroaches (D:2)
  12 goblins
  5 hobgoblins
  A ball python (D:2)
  3 giant newts
  9 kobolds
  4 rats
43 creatures vanquished.

Notes
Turn   | Place    | Note
--------------------------------------------------------------
     0 | D:1      | PolkaDot, the Vampire Enchanter, began the quest for the Orb.
     0 | D:1      | Reached XP level 1. HP: 13/13 MP: 3/3
   466 | D:1      | Reached XP level 2. HP: 17/19 MP: 2/4
   578 | D:1      | Learned a level 2 spell: Ensorcelled Hibernation
  1470 | D:2      | Reached skill level 1 in Ice Magic
  1470 | D:2      | Reached XP level 3. HP: 15/24 MP: 0/6
  1963 | D:2      | Reached skill level 5 in Hexes
  2412 | D:3      | Slain by an orc

Action                   || total
-------------------------++-------
Melee: Dagger            ||   119
 Cast: Corona            ||     9
       Ensorcelled Hiber ||    21
 Stab: Sleeping          ||    18
       Distracted        ||     1
